Minnesota North Stars vs Hartford Whalers
Created - Thursday, November 27, 2025 at 08:53
Goals
|
| Minnesota North Stars |
2 |
0 |
0 |
2 |
| Hartford Whalers |
2 |
2 |
0 |
4 |
|
Shots
|
| Minnesota North Stars |
7 |
13 |
20 |
40 |
| Hartford Whalers |
19 |
15 |
2 |
36 |
|
1st period
1. Minnesota North Stars , Jack Hughes 2 (Brock Nelson 2) at 0:14
2. Hartford Whalers , Pierre-Luc Dubois 1 (Devon Toews 1, Sidney Crosby 2) at 8:38
3. Minnesota North Stars , William Eklund 1 (Valeri Nichushkin 1, Frank Vatrano 1) at 8:52
4. Hartford Whalers , Nick Suzuki 1 (Dylan Guenther 2, Sidney Crosby 3) at 18:55
Penalties :
Pierre-Luc Dubois (HFD) for Interference (Minor) at 0:17, Simon Edvinsson (HFD) for High sticking (Minor) at 12:22
2nd period
5. Hartford Whalers , Nick Suzuki 2 (Dylan Guenther 3) at 1:06
6. Hartford Whalers , Nick Suzuki 3 (Dylan Guenther 4, Braden Schneider 1) at 13:54
Penalties :
Neal Pionk (MNS) for Tripping (Minor) at 2:27, Frank Vatrano (MNS) for Slashing (Minor) at 19:31
3rd period
No Goal
Penalties :
Simon Edvinsson (HFD) for Fighting (Major) at 8:27, Jack Hughes (MNS) for Fighting (Major) at 8:27
Goalie Stats
Logan Thompson (MNS), 32 saves from 36 shots - (0.889), L, 0-2-1, 60:00 minutes
Samuel Montembeault (HFD), 38 saves from 40 shots - (0.950), W, 3-0-0, 60:00 minutes
Players Stats for Minnesota North Stars
Player Name G A P +/- PIM S H SB GA TA FO MP PP MP PK MP
------------------------------------------------------------------------------------
Brock Nelson 0 1 1 -2 0 2 2 0 0 1 2/4 16:55 1:47 0:00
Erik Cernak 0 0 0 -1 0 2 2 1 0 0 0/0 21:07 1:50 2:10
Evgeni Malkin 0 0 0 -1 0 5 0 0 0 0 6/14 15:59 0:00 0:00
Frank Vatrano 0 1 1 1 2 1 1 0 1 0 0/1 16:38 2:11 0:00
Gustav Forsling 0 0 0 -1 0 3 0 1 0 2 0/0 21:07 1:50 2:10
Ivan Barbashev 0 0 0 0 0 0 1 0 0 0 0/0 7:08 0:00 0:00
Jack Hughes 1 0 1 -2 5 4 0 1 0 0 7/19 15:33 1:47 0:00
Jonathan Marchessault 0 0 0 -1 0 3 0 0 0 0 0/0 15:12 0:00 0:00
Kent Johnson 0 0 0 -1 0 6 2 0 0 1 0/0 15:06 0:00 0:00
Matt Roy 0 0 0 0 0 5 1 5 0 0 0/0 18:59 2:08 0:00
Mattias Janmark 0 0 0 0 0 2 1 0 0 0 0/0 9:34 0:00 2:04
Neal Pionk 0 0 0 -1 2 1 2 1 0 1 0/0 18:36 0:00 0:57
Niko Mikkola 0 0 0 -1 0 0 1 1 0 1 0/0 19:54 0:00 1:48
Rasmus Dahlin 0 0 0 0 0 1 0 1 0 0 0/0 20:16 2:08 0:51
Ryan Nugent-Hopkins 0 0 0 -2 0 0 1 0 0 0 1/4 19:02 1:47 2:04
Valeri Nichushkin 0 1 1 1 0 2 1 1 1 1 0/0 18:30 2:11 1:54
William Eklund 1 0 1 1 0 2 1 0 0 0 5/18 16:36 2:11 0:00
William Karlsson 0 0 0 0 0 1 0 0 2 0 4/5 9:47 0:00 1:54
Players Stats for Hartford Whalers
Player Name G A P +/- PIM S H SB GA TA FO MP PP MP PK MP
------------------------------------------------------------------------------------
Anders Lee 0 0 0 0 0 4 2 0 0 0 2/2 15:34 0:00 1:58
Anthony Cirelli 0 0 0 1 0 1 1 1 1 0 0/1 17:57 0:00 2:00
Braden Schneider 0 1 1 1 0 1 2 0 1 0 0/0 21:19 0:00 1:56
Devon Toews 0 1 1 1 0 1 0 0 2 1 0/0 20:06 1:55 0:00
Dylan Guenther 0 3 3 1 0 2 0 1 0 0 0/1 17:31 1:59 0:00
Jonathan Drouin 0 0 0 0 0 3 1 0 1 0 0/0 8:16 0:00 0:00
Jordan Kyrou 0 0 0 1 0 3 2 1 1 0 1/1 16:30 1:59 0:00
Joshua Norris 0 0 0 0 0 0 0 1 1 0 12/17 17:56 1:59 2:00
Kaapo Kakko 0 0 0 0 0 0 0 0 0 0 0/1 8:00 0:00 0:00
Kaiden Guhle 0 0 0 2 0 1 3 1 0 2 0/0 19:46 2:03 1:56
Matthew Coronato 0 0 0 0 0 1 0 1 0 0 2/2 8:00 0:00 0:00
Nick Suzuki 3 0 3 1 0 6 1 1 0 0 7/16 19:29 1:59 1:58
Pierre-Luc Dubois 1 0 1 1 2 6 1 1 0 0 2/2 16:29 1:59 0:00
Seth Jones 0 0 0 -1 0 0 0 1 0 0 0/0 22:07 1:55 2:02
Sidney Crosby 0 2 2 1 0 3 1 2 0 0 13/20 16:18 1:59 0:00
Simon Edvinsson 0 0 0 2 7 0 1 2 0 1 0/0 16:37 2:03 0:00
Tyson Foerster 0 0 0 0 0 3 0 3 0 0 1/2 13:36 0:00 0:00
Vladislav Gavrikov 0 0 0 -1 0 1 1 1 0 0 0/0 20:28 0:00 2:02
3 Stars
1 - Nick Suzuki (HFD)
2 - Samuel Montembeault (HFD)
3 - Dylan Guenther (HFD)
Power Play
Minnesota North Stars - 0 on 2 Attempt(s) - 0.00%
Hartford Whalers - 0 on 2 Attempt(s) - 0.00%
Penalty Kill
Minnesota North Stars - 2 on 2 Attempt(s) - 100.00%
- Score 0 goal in Penalty Kill
Hartford Whalers - 2 on 2 Attempt(s) - 100.00%
- Score 0 goal in Penalty Kill
Team Stat
Minnesota North Stars - Hits : 16 - Faceoff Wins : 25 - Blocked Shots : 12 - Penalty Minutes : 9
Hartford Whalers - Hits : 16 - Faceoff Wins : 40 - Blocked Shots : 17 - Penalty Minutes : 9
Official
Referees : Chris Lee and Beaudry Halkidis
Linesman : Jesse Marquis and Andrew Smith
Game Notes
19:42 of 1st period - Hartford Whalers goal is going for a video replay. After video review, No Goal. The goalkeeper has been pushed into the net together with the puck after making a save.
Nick Suzuki has scored a Hat Trick!
Simon Edvinsson beats up Jack Hughes at 8:27 of 3rd period
Finance
Level 1 -- Attendance: 6000 (100.00%) -- Ticket Income $510,000
Level 2 -- Attendance: 5000 (100.00%) -- Ticket Income $275,000
Level 3 -- Attendance: 3000 (100.00%) -- Ticket Income $90,000
Level 4 -- Attendance: 5000 (100.00%) -- Ticket Income $100,000
Luxury Box -- Attendance: 1000 (100.00%) -- Ticket Income $190,000
Game was played at the Hartford Civic Center.
Total Attendance: 20000 (100.00%)
Total Ticket Income: $1,165,000
Other Income: $407,750
Total Income: $1,572,750
Minnesota North Stars
5 vs 5 Forward
Center Left Wing Right Wing Time % Phy DF OF
1 Jack Hughes Brock Nelson Ryan Nugent-Hopkins 30 0 2 3
2 William Eklund Valeri Nichushkin Frank Vatrano 30 0 2 3
3 Evgeni Malkin Kent Johnson Jonathan Marchessault 30 0 2 3
4 William Karlsson Ivan Barbashev Mattias Janmark 10 0 3 2
5 vs 5 Defense
Defense Defense Time % Phy DF OF
1 Rasmus Dahlin Matt Roy 34 0 3 2
2 Gustav Forsling Erik Cernak 33 0 3 2
3 Neal Pionk Niko Mikkola 33 0 3 2
4 Rasmus Dahlin Matt Roy 0 1 2 2
PowerPlay Forward
Center Left Wing Right Wing Time % Phy DF OF
1 Jack Hughes Brock Nelson Ryan Nugent-Hopkins 50 0 0 5
2 William Eklund Valeri Nichushkin Frank Vatrano 50 0 0 5
PowerPlay Defense
Defense Defense Time % Phy DF OF
1 Rasmus Dahlin Matt Roy 50 0 2 3
2 Gustav Forsling Erik Cernak 50 0 2 3
Penalty Kill 4 Players Forward
Center Wing Time % Phy DF OF
1 Ryan Nugent-Hopkins Mattias Janmark 50 0 5 0
2 William Karlsson Valeri Nichushkin 50 0 5 0
Penalty Kill 4 Players Defense
Defense Defense Time % Phy DF OF
1 Niko Mikkola Neal Pionk 50 0 5 0
2 Gustav Forsling Erik Cernak 50 0 5 0
Penalty Kill - 3 Players Forward
Forward Time % Phy DF OF
1 Ryan Nugent-Hopkins 50 0 5 0
2 Mattias Janmark 50 0 5 0
Penalty Kill - 3 Players Defense
Defense Defense Time % Phy DF OF
1 Niko Mikkola Neal Pionk 50 0 5 0
2 Gustav Forsling Erik Cernak 50 0 5 0
4 vs 4 Forward
Center Wing Time % Phy DF OF
1 Jack Hughes Brock Nelson 50 0 1 4
2 Ryan Nugent-Hopkins Valeri Nichushkin 50 0 2 3
4 vs 4 Defense
Defense Defense Time % Phy DF OF
1 Rasmus Dahlin Matt Roy 50 0 3 2
2 Gustav Forsling Erik Cernak 50 0 3 2
Last Minutes Offensive
Center Left Wing Right Wing Defense Defense
Brock Nelson Jack Hughes Valeri Nichushkin Rasmus Dahlin Matt Roy
Last Minutes Defensive
Center Left Wing Right Wing Defense Defense
Brock Nelson Mattias Janmark Ryan Nugent-Hopkins Rasmus Dahlin Matt Roy
Goaltenders
Starting : Logan Thompson
Backup : Charlie Lindgren
Extra Forwards
Normal : Evgeni Malkin, William Karlsson, Jonathan Marchessault - PP : Ivan Barbashev, Kent Johnson - PK : Mattias Janmark
Extra Defensemen
Normal : Neal Pionk, Niko Mikkola, Gustav Forsling - PP : Neal Pionk - PK : Niko Mikkola, Gustav Forsling
Penalty Shots
Jack Hughes, Brock Nelson, Ryan Nugent-Hopkins, Kent Johnson, Frank Vatrano
Scratches
Lawson Crouse (Healthy), Dylan DeMelo (Healthy)
Hartford Whalers
5 vs 5 Forward
Center Left Wing Right Wing Time % Phy DF OF
1 Nick Suzuki Dylan Guenther Anthony Cirelli 33 0 2 3
2 Sidney Crosby Pierre-Luc Dubois Jordan Kyrou 32 0 2 3
3 Joshua Norris Anders Lee Tyson Foerster 30 0 2 3
4 Matthew Coronato Jonathan Drouin Kaapo Kakko 5 0 3 2
5 vs 5 Defense
Defense Defense Time % Phy DF OF
1 Vladislav Gavrikov Seth Jones 35 0 3 2
2 Devon Toews Braden Schneider 35 0 3 2
3 Kaiden Guhle Simon Edvinsson 30 0 4 1
4 Simon Edvinsson Seth Jones 0 2 2 1
PowerPlay Forward
Center Left Wing Right Wing Time % Phy DF OF
1 Sidney Crosby Dylan Guenther Nick Suzuki 50 0 1 4
2 Joshua Norris Pierre-Luc Dubois Jordan Kyrou 50 2 1 2
PowerPlay Defense
Defense Defense Time % Phy DF OF
1 Devon Toews Seth Jones 50 0 2 3
2 Simon Edvinsson Kaiden Guhle 50 0 2 3
Penalty Kill 4 Players Forward
Center Wing Time % Phy DF OF
1 Nick Suzuki Anders Lee 50 0 5 0
2 Joshua Norris Anthony Cirelli 50 0 5 0
Penalty Kill 4 Players Defense
Defense Defense Time % Phy DF OF
1 Vladislav Gavrikov Seth Jones 50 1 4 0
2 Kaiden Guhle Braden Schneider 50 1 4 0
Penalty Kill - 3 Players Forward
Forward Time % Phy DF OF
1 Joshua Norris 50 0 5 0
2 Anthony Cirelli 50 0 5 0
Penalty Kill - 3 Players Defense
Defense Defense Time % Phy DF OF
1 Vladislav Gavrikov Seth Jones 50 1 4 0
2 Kaiden Guhle Braden Schneider 50 1 4 0
4 vs 4 Forward
Center Wing Time % Phy DF OF
1 Sidney Crosby Nick Suzuki 50 0 1 4
2 Joshua Norris Jordan Kyrou 50 0 2 3
4 vs 4 Defense
Defense Defense Time % Phy DF OF
1 Devon Toews Seth Jones 50 0 2 3
2 Vladislav Gavrikov Braden Schneider 50 0 3 2
Last Minutes Offensive
Center Left Wing Right Wing Defense Defense
Sidney Crosby Dylan Guenther Nick Suzuki Joshua Norris Braden Schneider
Last Minutes Defensive
Center Left Wing Right Wing Defense Defense
Joshua Norris Anthony Cirelli Anders Lee Vladislav Gavrikov Seth Jones
Goaltenders
Starting : Samuel Montembeault
Backup : Spencer Knight
Extra Forwards
Normal : Dylan Guenther, Anders Lee, Jonathan Drouin - PP : Sidney Crosby, Dylan Guenther - PK : Anders Lee
Extra Defensemen
Normal : Braden Schneider, Devon Toews, Vladislav Gavrikov - PP : Braden Schneider - PK : Kaiden Guhle, Vladislav Gavrikov
Penalty Shots
Nick Suzuki, Sidney Crosby, Pierre-Luc Dubois, Anthony Cirelli, Kaapo Kakko
Scratches
Chaz Lucius (Healthy), Filip Mesar (Healthy), Dylan Garand (Healthy)
% Time on Ice - Minnesota North Stars
Lines # - Real PCT - Wanted PCT - Time Play
Normal Forward
1 - 30% - 30% - 15:25
2 - 28% - 30% - 14:25
3 - 29% - 30% - 15:06
4 - 14% - 10% - 7:08
Normal Defense
1 - 33% - 34% - 17:20
2 - 33% - 33% - 17:07
3 - 34% - 33% - 17:37
4 - 0% - 0% - 0:00
PP Forward
1 - 45% - 50% - 1:47
2 - 55% - 50% - 2:11
PP Defense
1 - 54% - 50% - 2:08
2 - 46% - 50% - 1:50
PK Forward
1 - 52% - 50% - 2:04
2 - 48% - 50% - 1:54
PK Defense
1 - 45% - 50% - 1:48
2 - 55% - 50% - 2:10
PK3 Forward
1 - 0% - 50%
2 - 0% - 50%
PK3 Defense
1 - 0% - 50%
2 - 0% - 50%
44 Forward
1 - 0% - 50%
2 - 0% - 50%
44 Defense
1 - 0% - 50%
2 - 0% - 50%
Last Minute Offensive - 0:00
Last Minute Defensive - 0:00
Total
Forward - 60:00
Defense - 60:00
|
% Time on Ice - Hartford Whalers
Lines # - Real PCT - Wanted PCT - Time Play
Normal Forward
1 - 30% - 33% - 15:32
2 - 29% - 32% - 14:56
3 - 26% - 30% - 13:36
4 - 15% - 5% - 8:00
Normal Defense
1 - 35% - 35% - 18:26
2 - 35% - 35% - 17:59
3 - 29% - 30% - 15:16
4 - 1% - 0% - 0:23
PP Forward
1 - 50% - 50% - 1:59
2 - 50% - 50% - 1:59
PP Defense
1 - 48% - 50% - 1:55
2 - 52% - 50% - 2:03
PK Forward
1 - 50% - 50% - 1:58
2 - 50% - 50% - 2:00
PK Defense
1 - 51% - 50% - 2:02
2 - 49% - 50% - 1:56
PK3 Forward
1 - 0% - 50%
2 - 0% - 50%
PK3 Defense
1 - 0% - 50%
2 - 0% - 50%
44 Forward
1 - 0% - 50%
2 - 0% - 50%
44 Defense
1 - 0% - 50%
2 - 0% - 50%
Last Minute Offensive - 0:00
Last Minute Defensive - 0:00
Total
Forward - 60:00
Defense - 60:00
|
Play-by-Play
1st period
0:01 of 1st period - Jack Hughes wins face-off versus Nick Suzuki in neutral zone.
0:14 of 1st period - Snap shot by Jack Hughes.
0:14 of 1st period - Goal by Jack Hughes - Minnesota North Stars : 1 - Hartford Whalers : 0.
0:15 of 1st period - Sidney Crosby wins face-off versus William Eklund in neutral zone.
0:17 of 1st period - Minor Penalty to Pierre-Luc Dubois for Interference.
0:18 of 1st period - Nick Suzuki wins face-off versus Ryan Nugent-Hopkins in Hartford Whalers zone.
0:18 of 1st period - Nick Suzuki is hit by Brock Nelson.
0:45 of 1st period - Rasmus Dahlin is hit by Anthony Cirelli and loses puck.
2:17 of 1st period - Penalty to Pierre-Luc Dubois is over, Pierre-Luc Dubois is back on ice.
2:45 of 1st period - Wrist shot by Jonathan Drouin.
2:45 of 1st period - Stopped by Logan Thompson without a rebound.
2:46 of 1st period - Evgeni Malkin wins face-off versus Kaapo Kakko in Minnesota North Stars zone.
2:46 of 1st period - Evgeni Malkin is hit by Simon Edvinsson.
2:54 of 1st period - Simon Edvinsson is hit by Kent Johnson.
3:32 of 1st period - Niko Mikkola is hit by Jonathan Drouin and loses puck.
3:59 of 1st period - Wrist shot by Jonathan Drouin.
3:59 of 1st period - Stopped by Logan Thompson with a rebound.
4:01 of 1st period - Slapshot by Kaiden Guhle.
4:01 of 1st period - Shot Blocked by Neal Pionk.
4:03 of 1st period - Slapshot by Kaiden Guhle.
4:03 of 1st period - Shot Blocked by Niko Mikkola.
4:05 of 1st period - Wrist shot by Kaiden Guhle.
4:05 of 1st period - Deflect By Jonathan Drouin.
4:05 of 1st period - Shot Misses the Net.
4:05 of 1st period - Puck is out of play.
4:06 of 1st period - Joshua Norris wins face-off versus Jack Hughes in Minnesota North Stars zone.
4:11 of 1st period - Wrist shot by Tyson Foerster.
4:11 of 1st period - Deflect By Anders Lee.
4:11 of 1st period - Shot Blocked by Matt Roy.
4:11 of 1st period - Puck is out of play.
4:12 of 1st period - Joshua Norris wins face-off versus Brock Nelson in Minnesota North Stars zone.
4:17 of 1st period - Slapshot by Anders Lee.
4:17 of 1st period - Stopped by Logan Thompson with a rebound.
4:19 of 1st period - Wrist shot by Vladislav Gavrikov.
4:19 of 1st period - Shot Blocked by Matt Roy.
4:21 of 1st period - Snap shot by Tyson Foerster.
4:21 of 1st period - Shot Blocked by Matt Roy.
4:25 of 1st period - Slapshot by Joshua Norris.
4:25 of 1st period - Shot Misses the Net.
4:27 of 1st period - Slapshot by Vladislav Gavrikov.
4:27 of 1st period - Deflect By Anders Lee.
4:27 of 1st period - Stopped by Logan Thompson with a rebound.
4:43 of 1st period - Wrist shot by Frank Vatrano.
4:43 of 1st period - Shot Misses the Net.
5:20 of 1st period - Backhand shot by Anders Lee.
5:20 of 1st period - Deflect By Ryan Nugent-Hopkins.
5:20 of 1st period - Shot Misses the Net.
5:20 of 1st period - Puck is out of play.
5:21 of 1st period - Jack Hughes wins face-off versus Anthony Cirelli in Minnesota North Stars zone.
5:38 of 1st period - Wrist shot by Ryan Nugent-Hopkins.
5:38 of 1st period - Shot Misses the Net.
5:40 of 1st period - Snap shot by Ryan Nugent-Hopkins.
5:40 of 1st period - Deflect By Brock Nelson.
5:40 of 1st period - Shot Blocked by Nick Suzuki.
5:40 of 1st period - Puck is out of play.
5:41 of 1st period - Joshua Norris wins face-off versus William Eklund in Hartford Whalers zone.
6:08 of 1st period - Brock Nelson is hit by Nick Suzuki and loses puck.
6:31 of 1st period - Snap shot by Sidney Crosby.
6:31 of 1st period - Shot Misses the Net.
6:33 of 1st period - Slapshot by Pierre-Luc Dubois.
6:33 of 1st period - Stopped by Logan Thompson without a rebound.
6:34 of 1st period - Sidney Crosby wins face-off versus William Eklund in Minnesota North Stars zone.
6:39 of 1st period - Snap shot by Jordan Kyrou.
6:39 of 1st period - Stopped by Logan Thompson with a rebound.
7:08 of 1st period - Anders Lee is hit by Matt Roy and loses puck.
7:49 of 1st period - Slapshot by Pierre-Luc Dubois.
7:49 of 1st period - Stopped by Logan Thompson without a rebound.
7:50 of 1st period - Pierre-Luc Dubois wins face-off versus William Eklund in Minnesota North Stars zone.
7:53 of 1st period - Slapshot by Jordan Kyrou.
7:53 of 1st period - Stopped by Logan Thompson without a rebound.
7:54 of 1st period - Joshua Norris wins face-off versus William Eklund in Minnesota North Stars zone.
7:57 of 1st period - Snap shot by Anders Lee.
7:57 of 1st period - Stopped by Logan Thompson without a rebound.
7:58 of 1st period - Anders Lee wins face-off versus William Eklund in Minnesota North Stars zone.
8:01 of 1st period - Snap shot by Joshua Norris.
8:01 of 1st period - Shot Misses the Net.
8:22 of 1st period - Off-side.
8:23 of 1st period - Sidney Crosby wins face-off versus Jack Hughes in neutral zone.
8:32 of 1st period - Slapshot by Jordan Kyrou.
8:32 of 1st period - Shot Misses the Net.
8:34 of 1st period - Snap shot by Sidney Crosby.
8:34 of 1st period - Shot Blocked by Jack Hughes.
8:36 of 1st period - Slapshot by Devon Toews.
8:36 of 1st period - Stopped by Logan Thompson with a rebound.
8:38 of 1st period - Snap shot by Pierre-Luc Dubois.
8:38 of 1st period - Goal by Pierre-Luc Dubois - Minnesota North Stars : 1 - Hartford Whalers : 1.
8:39 of 1st period - William Eklund wins face-off versus Nick Suzuki in neutral zone.
8:52 of 1st period - Wrist shot by William Eklund.
8:52 of 1st period - Goal by William Eklund - Minnesota North Stars : 2 - Hartford Whalers : 1.
8:53 of 1st period - Evgeni Malkin wins face-off versus Nick Suzuki in neutral zone.
9:00 of 1st period - Snap shot by Evgeni Malkin.
9:00 of 1st period - Shot Blocked by Dylan Guenther.
9:22 of 1st period - Wrist shot by Valeri Nichushkin.
9:22 of 1st period - Shot Blocked by Seth Jones.
9:28 of 1st period - Wrist shot by Valeri Nichushkin.
9:28 of 1st period - Deflect By William Eklund.
9:28 of 1st period - Shot Misses the Net.
9:28 of 1st period - Puck is out of play.
9:29 of 1st period - Joshua Norris wins face-off versus Jack Hughes in Hartford Whalers zone.
9:55 of 1st period - Jordan Kyrou is hit by Neal Pionk and loses puck.
10:19 of 1st period - Snap shot by Jordan Kyrou.
10:19 of 1st period - Shot Misses the Net.
10:31 of 1st period - Snap shot by Sidney Crosby.
10:31 of 1st period - Stopped by Logan Thompson without a rebound.
10:32 of 1st period - William Karlsson wins face-off versus Nick Suzuki in Minnesota North Stars zone.
11:18 of 1st period - Wrist shot by Jack Hughes.
11:18 of 1st period - Stopped by Samuel Montembeault without a rebound.
11:19 of 1st period - Matthew Coronato wins face-off versus Jack Hughes in Hartford Whalers zone.
11:28 of 1st period - Wrist shot by Jack Hughes.
11:28 of 1st period - Stopped by Samuel Montembeault without a rebound.
11:29 of 1st period - Nick Suzuki wins face-off versus Evgeni Malkin in Hartford Whalers zone.
12:22 of 1st period - Minor Penalty to Simon Edvinsson for High sticking.
12:23 of 1st period - Nick Suzuki wins face-off versus William Eklund in Hartford Whalers zone.
12:36 of 1st period - Icing by Frank Vatrano.
12:37 of 1st period - Joshua Norris wins face-off versus William Eklund in Minnesota North Stars zone.
13:00 of 1st period - Wrist shot by Valeri Nichushkin.
13:00 of 1st period - Shot Misses the Net.
13:02 of 1st period - Wrist shot by Valeri Nichushkin.
13:02 of 1st period - Deflect By William Eklund.
13:02 of 1st period - Shot Misses the Net.
13:02 of 1st period - Puck is out of play.
13:03 of 1st period - Joshua Norris wins face-off versus Jack Hughes in Hartford Whalers zone.
13:14 of 1st period - Snap shot by Jack Hughes.
13:14 of 1st period - Shot Blocked by Anthony Cirelli.
13:16 of 1st period - Slapshot by Ryan Nugent-Hopkins.
13:16 of 1st period - Shot Misses the Net.
14:22 of 1st period - Penalty to Simon Edvinsson is over, Simon Edvinsson is back on ice.
15:46 of 1st period - Kaapo Kakko is hit by Frank Vatrano and loses puck.
15:54 of 1st period - Wrist shot by Frank Vatrano.
15:54 of 1st period - Stopped by Samuel Montembeault with a rebound.
15:56 of 1st period - Slapshot by Neal Pionk.
15:56 of 1st period - Deflect By Valeri Nichushkin.
15:56 of 1st period - Shot Misses the Net.
15:56 of 1st period - Puck is out of play.
15:57 of 1st period - Jack Hughes wins face-off versus Sidney Crosby in Hartford Whalers zone.
16:14 of 1st period - Wrist shot by Sidney Crosby.
16:14 of 1st period - Stopped by Logan Thompson without a rebound.
16:15 of 1st period - Evgeni Malkin wins face-off versus Dylan Guenther in Minnesota North Stars zone.
16:50 of 1st period - Slapshot by Joshua Norris.
16:50 of 1st period - Shot Misses the Net.
17:12 of 1st period - Wrist shot by William Karlsson.
17:12 of 1st period - Shot Hit the Post.
17:22 of 1st period - Frank Vatrano is hit by Kaiden Guhle.
17:52 of 1st period - Slapshot by Anders Lee.
17:52 of 1st period - Stopped by Logan Thompson without a rebound.
17:53 of 1st period - Sidney Crosby wins face-off versus Jack Hughes in Minnesota North Stars zone.
17:54 of 1st period - Snap shot by Jordan Kyrou.
17:54 of 1st period - Stopped by Logan Thompson without a rebound.
17:55 of 1st period - Jordan Kyrou wins face-off versus Jack Hughes in Minnesota North Stars zone.
18:00 of 1st period - Snap shot by Pierre-Luc Dubois.
18:00 of 1st period - Stopped by Logan Thompson with a rebound.
18:26 of 1st period - Wrist shot by William Eklund.
18:26 of 1st period - Shot Misses the Net.
18:28 of 1st period - Snap shot by Matt Roy.
18:28 of 1st period - Stopped by Samuel Montembeault with a rebound.
18:53 of 1st period - Snap shot by Nick Suzuki.
18:53 of 1st period - Shot Misses the Net.
18:55 of 1st period - Wrist shot by Nick Suzuki.
18:55 of 1st period - Goal by Nick Suzuki - Minnesota North Stars : 2 - Hartford Whalers : 2.
18:56 of 1st period - Brock Nelson wins face-off versus Joshua Norris in neutral zone.
19:28 of 1st period - Snap shot by Evgeni Malkin.
19:28 of 1st period - Stopped by Samuel Montembeault with a rebound.
19:30 of 1st period - Snap shot by Jonathan Marchessault.
19:30 of 1st period - Shot Misses the Net.
19:32 of 1st period - Slapshot by Evgeni Malkin.
19:32 of 1st period - Deflect By Kent Johnson.
19:32 of 1st period - Shot Misses the Net.
19:32 of 1st period - Puck is out of play.
19:33 of 1st period - Joshua Norris wins face-off versus William Eklund in Hartford Whalers zone.
19:40 of 1st period - Wrist shot by Anders Lee.
19:40 of 1st period - Deflect By Tyson Foerster.
19:40 of 1st period - Stopped by Logan Thompson with a rebound.
19:42 of 1st period - Snap shot by Tyson Foerster.
19:42 of 1st period - Hartford Whalers goal is going for a video replay.
19:42 of 1st period - The goal is refused. The goalkeeper has been pushed into the net together with the puck after making a save..
19:43 of 1st period - Joshua Norris wins face-off versus William Eklund in Minnesota North Stars zone.
Goals for this period are 2 for Minnesota North Stars vs 2 for Hartford Whalers.
Shots for this period are 7 for Minnesota North Stars vs 19 for Hartford Whalers.
2nd period
0:01 of 2nd period - Brock Nelson wins face-off versus Nick Suzuki in neutral zone.
0:06 of 2nd period - Snap shot by Nick Suzuki.
0:06 of 2nd period - Shot Misses the Net.
0:08 of 2nd period - Wrist shot by Nick Suzuki.
0:08 of 2nd period - Stopped by Logan Thompson without a rebound.
0:09 of 2nd period - Nick Suzuki wins face-off versus Jack Hughes in Minnesota North Stars zone.
0:22 of 2nd period - Slapshot by Nick Suzuki.
0:22 of 2nd period - Stopped by Logan Thompson with a rebound.
0:24 of 2nd period - Snap shot by Nick Suzuki.
0:24 of 2nd period - Shot Blocked by Matt Roy.
0:26 of 2nd period - Slapshot by Devon Toews.
0:26 of 2nd period - Shot Misses the Net.
0:28 of 2nd period - Slapshot by Braden Schneider.
0:28 of 2nd period - Stopped by Logan Thompson with a rebound.
0:34 of 2nd period - Snap shot by Dylan Guenther.
0:34 of 2nd period - Shot Misses the Net.
1:06 of 2nd period - Snap shot by Nick Suzuki.
1:06 of 2nd period - Deflect By Rasmus Dahlin.
1:06 of 2nd period - Goal by Nick Suzuki - Minnesota North Stars : 2 - Hartford Whalers : 3.
1:07 of 2nd period - Joshua Norris wins face-off versus Evgeni Malkin in neutral zone.
1:39 of 2nd period - Wrist shot by Frank Vatrano.
1:39 of 2nd period - Shot Blocked by Pierre-Luc Dubois.
1:41 of 2nd period - Slapshot by Erik Cernak.
1:41 of 2nd period - Shot Blocked by Simon Edvinsson.
1:43 of 2nd period - Wrist shot by William Eklund.
1:43 of 2nd period - Stopped by Samuel Montembeault with a rebound.
2:07 of 2nd period - Kaapo Kakko is hit by Mattias Janmark and loses puck.
2:27 of 2nd period - Minor Penalty to Neal Pionk for Tripping.
2:28 of 2nd period - Ryan Nugent-Hopkins wins face-off versus Sidney Crosby in Minnesota North Stars zone.
3:43 of 2nd period - Snap shot by Joshua Norris.
3:43 of 2nd period - Shot Blocked by Rasmus Dahlin.
3:45 of 2nd period - Snap shot by Jordan Kyrou.
3:45 of 2nd period - Shot Misses the Net.
3:47 of 2nd period - Slapshot by Pierre-Luc Dubois.
3:47 of 2nd period - Stopped by Logan Thompson without a rebound.
3:48 of 2nd period - Sidney Crosby wins face-off versus Ryan Nugent-Hopkins in Minnesota North Stars zone.
3:53 of 2nd period - Wrist shot by Sidney Crosby.
3:53 of 2nd period - Shot Blocked by Erik Cernak.
4:27 of 2nd period - Penalty to Neal Pionk is over, Neal Pionk is back on ice.
4:33 of 2nd period - Snap shot by Kent Johnson.
4:33 of 2nd period - Shot Blocked by Jordan Kyrou.
5:24 of 2nd period - Devon Toews is hit by Neal Pionk and loses puck.
5:48 of 2nd period - Snap shot by Anthony Cirelli.
5:48 of 2nd period - Deflect By Rasmus Dahlin.
5:48 of 2nd period - Stopped by Logan Thompson with a rebound.
7:24 of 2nd period - Matt Roy is hit by Kaiden Guhle and loses puck.
8:07 of 2nd period - Slapshot by Gustav Forsling.
8:07 of 2nd period - Stopped by Samuel Montembeault with a rebound.
8:59 of 2nd period - Seth Jones is hit by William Eklund and loses puck.
9:53 of 2nd period - Snap shot by Mattias Janmark.
9:53 of 2nd period - Stopped by Samuel Montembeault without a rebound.
9:54 of 2nd period - William Karlsson wins face-off versus Joshua Norris in Hartford Whalers zone.
11:29 of 2nd period - Snap shot by Jack Hughes.
11:29 of 2nd period - Stopped by Samuel Montembeault without a rebound.
11:30 of 2nd period - Jack Hughes wins face-off versus Nick Suzuki in Hartford Whalers zone.
11:39 of 2nd period - Slapshot by Nick Suzuki.
11:39 of 2nd period - Shot Blocked by Matt Roy.
11:41 of 2nd period - Snap shot by Dylan Guenther.
11:41 of 2nd period - Deflect By Anthony Cirelli.
11:41 of 2nd period - Shot Misses the Net.
11:41 of 2nd period - Puck is out of play.
11:42 of 2nd period - Anders Lee wins face-off versus Evgeni Malkin in Minnesota North Stars zone.
11:49 of 2nd period - Wrist shot by Evgeni Malkin.
11:49 of 2nd period - Stopped by Samuel Montembeault with a rebound.
12:14 of 2nd period - Wrist shot by Valeri Nichushkin.
12:14 of 2nd period - Stopped by Samuel Montembeault without a rebound.
12:15 of 2nd period - William Eklund wins face-off versus Nick Suzuki in Hartford Whalers zone.
12:32 of 2nd period - Snap shot by Dylan Guenther.
12:32 of 2nd period - Shot Blocked by Valeri Nichushkin.
12:46 of 2nd period - Backhand shot by Vladislav Gavrikov.
12:46 of 2nd period - Stopped by Logan Thompson with a rebound.
13:54 of 2nd period - Snap shot by Nick Suzuki.
13:54 of 2nd period - Goal by Nick Suzuki - Minnesota North Stars : 2 - Hartford Whalers : 4.
13:55 of 2nd period - Evgeni Malkin wins face-off versus Sidney Crosby in neutral zone.
14:06 of 2nd period - Neal Pionk is hit by Braden Schneider and loses puck.
14:45 of 2nd period - Slapshot by Neal Pionk.
14:45 of 2nd period - Shot Blocked by Tyson Foerster.
14:47 of 2nd period - Wrist shot by William Eklund.
14:47 of 2nd period - Deflect By Valeri Nichushkin.
14:47 of 2nd period - Shot Misses the Net.
14:47 of 2nd period - Puck is out of play.
14:48 of 2nd period - Joshua Norris wins face-off versus William Eklund in Hartford Whalers zone.
15:37 of 2nd period - Frank Vatrano is hit by Anders Lee.
15:41 of 2nd period - Wrist shot by Anders Lee.
15:41 of 2nd period - Shot Misses the Net.
15:51 of 2nd period - Snap shot by Frank Vatrano.
15:51 of 2nd period - Shot Misses the Net.
15:53 of 2nd period - Wrist shot by William Eklund.
15:53 of 2nd period - Shot Hit the Post.
15:55 of 2nd period - Snap shot by Matt Roy.
15:55 of 2nd period - Shot Blocked by Tyson Foerster.
15:57 of 2nd period - Wrist shot by William Eklund.
15:57 of 2nd period - Shot Misses the Net.
15:59 of 2nd period - Wrist shot by William Eklund.
15:59 of 2nd period - Shot Blocked by Vladislav Gavrikov.
16:01 of 2nd period - Snap shot by Valeri Nichushkin.
16:01 of 2nd period - Shot Blocked by Joshua Norris.
16:03 of 2nd period - Slapshot by Matt Roy.
16:03 of 2nd period - Deflect By William Eklund.
16:03 of 2nd period - Shot Misses the Net.
16:03 of 2nd period - Puck is out of play.
16:04 of 2nd period - Pierre-Luc Dubois wins face-off versus Evgeni Malkin in Hartford Whalers zone.
16:13 of 2nd period - Slapshot by Kent Johnson.
16:13 of 2nd period - Stopped by Samuel Montembeault with a rebound.
16:15 of 2nd period - Slapshot by Gustav Forsling.
16:15 of 2nd period - Stopped by Samuel Montembeault with a rebound.
16:17 of 2nd period - Slapshot by Gustav Forsling.
16:17 of 2nd period - Stopped by Samuel Montembeault with a rebound.
16:19 of 2nd period - Slapshot by Erik Cernak.
16:19 of 2nd period - Stopped by Samuel Montembeault with a rebound.
16:39 of 2nd period - Snap shot by Brock Nelson.
16:39 of 2nd period - Stopped by Samuel Montembeault with a rebound.
16:58 of 2nd period - Icing by Kaapo Kakko.
16:59 of 2nd period - Matthew Coronato wins face-off versus Evgeni Malkin in Hartford Whalers zone.
17:34 of 2nd period - Wrist shot by Jonathan Drouin.
17:34 of 2nd period - Stopped by Logan Thompson with a rebound.
17:36 of 2nd period - Slapshot by Devon Toews.
17:36 of 2nd period - Deflect By Matthew Coronato.
17:36 of 2nd period - Stopped by Logan Thompson with a rebound.
18:00 of 2nd period - Snap shot by Kent Johnson.
18:00 of 2nd period - Shot Hit the Post.
18:14 of 2nd period - Snap shot by Evgeni Malkin.
18:14 of 2nd period - Stopped by Samuel Montembeault without a rebound.
18:15 of 2nd period - Sidney Crosby wins face-off versus Jack Hughes in Hartford Whalers zone.
18:19 of 2nd period - Off-side.
18:20 of 2nd period - Sidney Crosby wins face-off versus Jack Hughes in neutral zone.
18:31 of 2nd period - Wrist shot by Jordan Kyrou.
18:31 of 2nd period - Shot Misses the Net.
18:33 of 2nd period - Wrist shot by Pierre-Luc Dubois.
18:33 of 2nd period - Deflect By Sidney Crosby.
18:33 of 2nd period - Stopped by Logan Thompson with a rebound.
18:35 of 2nd period - Backhand shot by Pierre-Luc Dubois.
18:35 of 2nd period - Stopped by Logan Thompson without a rebound.
18:36 of 2nd period - William Eklund wins face-off versus Nick Suzuki in Minnesota North Stars zone.
18:53 of 2nd period - Slapshot by Rasmus Dahlin.
18:53 of 2nd period - Stopped by Samuel Montembeault without a rebound.
18:54 of 2nd period - Sidney Crosby wins face-off versus Jack Hughes in Hartford Whalers zone.
18:54 of 2nd period - Sidney Crosby is hit by Brock Nelson.
19:02 of 2nd period - Brock Nelson is hit by Sidney Crosby and loses puck.
19:21 of 2nd period - Nick Suzuki is hit by Erik Cernak and loses puck.
19:28 of 2nd period - Slapshot by Kaiden Guhle.
19:28 of 2nd period - Stopped by Logan Thompson without a rebound.
19:29 of 2nd period - William Eklund wins face-off versus Joshua Norris in Minnesota North Stars zone.
19:31 of 2nd period - Minor Penalty to Frank Vatrano for Slashing.
19:32 of 2nd period - Sidney Crosby wins face-off versus Ryan Nugent-Hopkins in Minnesota North Stars zone.
19:36 of 2nd period - Wrist shot by Dylan Guenther.
19:36 of 2nd period - Stopped by Logan Thompson with a rebound.
19:38 of 2nd period - Wrist shot by Nick Suzuki.
19:38 of 2nd period - Stopped by Logan Thompson with a rebound.
Goals for this period are 0 for Minnesota North Stars vs 2 for Hartford Whalers.
Shots for this period are 13 for Minnesota North Stars vs 15 for Hartford Whalers.
3rd period
0:01 of 3rd period - William Karlsson wins face-off versus Joshua Norris in neutral zone.
0:04 of 3rd period - Snap shot by Valeri Nichushkin.
0:04 of 3rd period - Stopped by Samuel Montembeault with a rebound.
0:10 of 3rd period - William Karlsson is hit by Jordan Kyrou and loses puck.
0:31 of 3rd period - Gustav Forsling is hit by Kaiden Guhle and loses puck.
1:12 of 3rd period - Valeri Nichushkin is hit by Jordan Kyrou and loses puck.
1:31 of 3rd period - Penalty to Frank Vatrano is over, Frank Vatrano is back on ice.
1:37 of 3rd period - Wrist shot by Jonathan Marchessault.
1:37 of 3rd period - Stopped by Samuel Montembeault with a rebound.
1:39 of 3rd period - Snap shot by Kent Johnson.
1:39 of 3rd period - Stopped by Samuel Montembeault with a rebound.
1:41 of 3rd period - Slapshot by Kent Johnson.
1:41 of 3rd period - Shot Misses the Net.
1:43 of 3rd period - Wrist shot by Jonathan Marchessault.
1:43 of 3rd period - Stopped by Samuel Montembeault with a rebound.
1:45 of 3rd period - Slapshot by Rasmus Dahlin.
1:45 of 3rd period - Shot Blocked by Kaiden Guhle.
1:47 of 3rd period - Snap shot by Matt Roy.
1:47 of 3rd period - Stopped by Samuel Montembeault without a rebound.
1:48 of 3rd period - Joshua Norris wins face-off versus Evgeni Malkin in Hartford Whalers zone.
2:13 of 3rd period - Matt Roy is hit by Pierre-Luc Dubois and loses puck.
2:36 of 3rd period - Wrist shot by William Karlsson.
2:36 of 3rd period - Stopped by Samuel Montembeault with a rebound.
2:38 of 3rd period - Slapshot by Neal Pionk.
2:38 of 3rd period - Stopped by Samuel Montembeault without a rebound.
2:39 of 3rd period - Nick Suzuki wins face-off versus William Karlsson in Hartford Whalers zone.
2:44 of 3rd period - Wrist shot by Nick Suzuki.
2:44 of 3rd period - Shot Blocked by Gustav Forsling.
2:50 of 3rd period - Dylan Guenther is hit by Ivan Barbashev and loses puck.
2:59 of 3rd period - Snap shot by Mattias Janmark.
2:59 of 3rd period - Stopped by Samuel Montembeault with a rebound.
3:10 of 3rd period - Icing by Mattias Janmark.
3:11 of 3rd period - Sidney Crosby wins face-off versus Jack Hughes in Minnesota North Stars zone.
4:26 of 3rd period - Snap shot by Kent Johnson.
4:26 of 3rd period - Stopped by Samuel Montembeault with a rebound.
4:28 of 3rd period - Slapshot by Matt Roy.
4:28 of 3rd period - Stopped by Samuel Montembeault with a rebound.
4:30 of 3rd period - Slapshot by Matt Roy.
4:30 of 3rd period - Stopped by Samuel Montembeault without a rebound.
4:31 of 3rd period - Sidney Crosby wins face-off versus Brock Nelson in Hartford Whalers zone.
4:40 of 3rd period - Snap shot by Ryan Nugent-Hopkins.
4:40 of 3rd period - Shot Blocked by Sidney Crosby.
4:42 of 3rd period - Slapshot by Erik Cernak.
4:42 of 3rd period - Stopped by Samuel Montembeault with a rebound.
4:44 of 3rd period - Snap shot by Ryan Nugent-Hopkins.
4:44 of 3rd period - Shot Blocked by Sidney Crosby.
4:46 of 3rd period - Slapshot by Jack Hughes.
4:46 of 3rd period - Deflect By Brock Nelson.
4:46 of 3rd period - Stopped by Samuel Montembeault without a rebound.
4:47 of 3rd period - Nick Suzuki wins face-off versus William Eklund in Hartford Whalers zone.
5:22 of 3rd period - Sidney Crosby is hit by Niko Mikkola and loses puck.
6:20 of 3rd period - Slapshot by Dylan Guenther.
6:20 of 3rd period - Stopped by Logan Thompson with a rebound.
6:40 of 3rd period - Rasmus Dahlin is hit by Braden Schneider.
7:02 of 3rd period - Pierre-Luc Dubois is hit by Kent Johnson and loses puck.
7:11 of 3rd period - Snap shot by Jonathan Marchessault.
7:11 of 3rd period - Stopped by Samuel Montembeault with a rebound.
7:13 of 3rd period - Snap shot by Matt Roy.
7:13 of 3rd period - Stopped by Samuel Montembeault without a rebound.
7:14 of 3rd period - William Eklund wins face-off versus Nick Suzuki in Hartford Whalers zone.
7:23 of 3rd period - Snap shot by Dylan Guenther.
7:23 of 3rd period - Shot Misses the Net.
7:52 of 3rd period - Icing by Neal Pionk.
7:53 of 3rd period - Sidney Crosby wins face-off versus Evgeni Malkin in Minnesota North Stars zone.
8:20 of 3rd period - Snap shot by Evgeni Malkin.
8:20 of 3rd period - Stopped by Samuel Montembeault without a rebound.
8:21 of 3rd period - Jack Hughes wins face-off versus Joshua Norris in Hartford Whalers zone.
8:24 of 3rd period - Wrist shot by Ryan Nugent-Hopkins.
8:24 of 3rd period - Shot Misses the Net.
8:27 of 3rd period - Simon Edvinsson beats up Jack Hughes.
8:27 of 3rd period - Penalty to Simon Edvinsson for Fighting.
8:27 of 3rd period - Penalty to Jack Hughes for Fighting.
8:28 of 3rd period - Tyson Foerster wins face-off versus Frank Vatrano in Hartford Whalers zone.
10:22 of 3rd period - Pierre-Luc Dubois is hit by Erik Cernak and loses puck.
11:05 of 3rd period - Off-side.
11:06 of 3rd period - William Karlsson wins face-off versus Sidney Crosby in neutral zone.
11:33 of 3rd period - Joshua Norris is hit by Valeri Nichushkin and loses puck.
11:44 of 3rd period - Slapshot by Frank Vatrano.
11:44 of 3rd period - Shot Misses the Net.
12:24 of 3rd period - Pierre-Luc Dubois is hit by Ryan Nugent-Hopkins and loses puck.
14:21 of 3rd period - Wrist shot by Jonathan Marchessault.
14:21 of 3rd period - Shot Blocked by Matthew Coronato.
14:23 of 3rd period - Slapshot by Matt Roy.
14:23 of 3rd period - Shot Blocked by Simon Edvinsson.
14:25 of 3rd period - Wrist shot by Kent Johnson.
14:25 of 3rd period - Stopped by Samuel Montembeault without a rebound.
14:26 of 3rd period - Jack Hughes wins face-off versus Sidney Crosby in Hartford Whalers zone.
14:41 of 3rd period - Snap shot by Ryan Nugent-Hopkins.
14:41 of 3rd period - Deflect By Jordan Kyrou.
14:41 of 3rd period - Shot Misses the Net.
14:41 of 3rd period - Puck is out of play.
14:42 of 3rd period - Nick Suzuki wins face-off versus William Eklund in Hartford Whalers zone.
15:22 of 3rd period - Neal Pionk is hit by Anders Lee and loses puck.
17:10 of 3rd period - Icing by Jordan Kyrou.
17:11 of 3rd period - Evgeni Malkin wins face-off versus Sidney Crosby in Hartford Whalers zone.
17:46 of 3rd period - Wrist shot by Ryan Nugent-Hopkins.
17:46 of 3rd period - Shot Blocked by Tyson Foerster.
17:58 of 3rd period - Snap shot by Dylan Guenther.
17:58 of 3rd period - Shot Misses the Net.
18:00 of 3rd period - Snap shot by Anthony Cirelli.
18:00 of 3rd period - Shot Misses the Net.
18:27 of 3rd period - Snap shot by Kent Johnson.
18:27 of 3rd period - Stopped by Samuel Montembeault without a rebound.
18:28 of 3rd period - Sidney Crosby wins face-off versus Evgeni Malkin in Hartford Whalers zone.
18:30 of 3rd period - Icing by Pierre-Luc Dubois.
18:31 of 3rd period - Evgeni Malkin wins face-off versus Sidney Crosby in Hartford Whalers zone.
18:44 of 3rd period - Wrist shot by Kent Johnson.
18:44 of 3rd period - Stopped by Samuel Montembeault with a rebound.
18:46 of 3rd period - Slapshot by Evgeni Malkin.
18:46 of 3rd period - Stopped by Samuel Montembeault with a rebound.
18:56 of 3rd period - Ryan Nugent-Hopkins is hit by Vladislav Gavrikov and loses puck.
19:29 of 3rd period - Snap shot by Joshua Norris.
19:29 of 3rd period - Deflect By Tyson Foerster.
19:29 of 3rd period - Stopped by Logan Thompson without a rebound.
19:30 of 3rd period - Jack Hughes wins face-off versus Tyson Foerster in Minnesota North Stars zone.
Goals for this period are 0 for Minnesota North Stars vs 0 for Hartford Whalers.
Shots for this period are 20 for Minnesota North Stars vs 2 for Hartford Whalers.
Back to the Top